Map: King's Cove LE

Players

Stephens

  • Race: Protoss Protoss
  • League: Silver
  • Spawn Location: 5:00

TiPtOP - Winner!

  • Race: Terran Terran
  • League: Silver
  • Spawn Location: 11:00

VOD

Have the link to the VOD?

Description

Time

  • Played on: Aug. 18, 2019, 10:03 a.m.
  • Length: 11:39
Show
View Real Time Build Order
Export as new Build Order

Stephens Protoss 

Build Orders:  

Get SALT Encoding   

  12  0:03  Probe  
  13  0:16  Probe  
  13  0:21  Pylon  
  14  0:29  Pylon  
  14  0:31  Probe  
  15  0:39  Probe  
  15  0:48  Probe  
  17  0:57  Assimilator  
  17  1:00  Probe  
  17  1:03  Assimilator  
  18  1:12  Probe  
  19  1:24  Probe  
  20  1:36  Probe  
  20  1:37  Gateway  
  21  1:44  Pylon  
  21  1:48  Probe  
  22  2:00  Probe  
  23  2:05  Forge  
  23  2:08  Pylon  
  23  2:12  Probe  
  24  2:40  Photon Cannon  
  24  2:43  Photon Cannon  
  24  2:47  Photon Cannon  
  24  2:58  Photon Cannon  
  24  3:22  Cybernetics Core  
  24  3:37  Pylon  
  24  4:04  Stargate  
  24  4:07  Stargate  
  24  4:42  Void Ray  
  24  4:44  Void Ray  
  32  5:24  Void Ray  
  32  5:26  Void Ray  
  40  5:38  Pylon  
  40  5:45  Photon Cannon  
  40  5:50  Photon Cannon  
  40  5:58  Void Ray  
  40  6:00  Void Ray  
  40  6:01  Pylon  
  48  6:23  Pylon  
  48  6:29  Protoss Air Weapons Level 1  
  48  6:41  Void Ray  
  48  6:43  Void Ray  
  56  7:12  Nexus  
  56  8:00  Void Ray  
  56  8:02  Void Ray  
  56  8:37  Protoss Air Armor Level 1  
  56  9:12  Void Ray  
  56  9:13  Void Ray  
  64  9:31  Probe  
  65  9:43  Probe  
  66  9:52  Void Ray  
  66  9:53  Void Ray  
  66  9:55  Probe  
Show
View Real Time Build Order
Export as new Build Order

TiPtOP Terran - Winner!

Build Orders: Mech 

Get SALT Encoding   

  12  0:01  SCV  
  13  0:13  SCV  
  14  0:23  Supply Depot  
  14  0:25  SCV  
  15  0:44  SCV  
  15  0:49  Barracks  
  16  0:53  Refinery  
  16  0:56  SCV  
  17  1:05  Supply Depot  
  17  1:08  SCV  
  18  1:34  SCV  
  19  1:47  Marine  
  19  1:54  Command Center  
  20  2:00  Orbital Command  
  20  2:11  Factory  
  20  2:36  Barracks Tech Lab  
  20  2:58  SCV  
  21  3:10  SCV  
  22  3:20  Siege Tank  
  22  3:23  Bunker  
  25  3:31  SCV  
  26  3:34  Orbital Command  
  26  3:35  Refinery  
  26  3:39  Marine  
  27  3:44  SCV  
  28  4:05  Supply Depot  
  28  4:07  SCV  
  29  4:11  SCV  
  30  4:20  SCV  
  30  4:23  SCV  
  32  4:29  Supply Depot  
  32  4:32  Factory, SCV  
  32  4:36  SCV  
  34  4:44  SCV  
  35  4:48  SCV  
  36  4:57  Engineering Bay  
  36  5:07  SCV  
  36  5:08  SCV  
  36  5:10  Siege Tank  
  41  5:19  SCV, Supply Depot  
  41  5:20  SCV  
  43  5:32  Missile Turret  
  43  5:41  Supply Depot  
  43  5:46  Factory Tech Lab  
  43  5:49  Missile Turret  
  43  5:53  Supply Depot  
  43  5:58  Command Center  
  43  6:04  Missile Turret  
  43  6:07  Siege Tank  
  46  6:18  Armory  
  46  6:25  Factory  
  46  6:29  Widow Mine  
  48  6:39  Widow Mine  
  50  6:46  Missile Turret  
  50  6:51  Missile Turret  
  50  6:54  Missile Turret  
  50  7:02  SCV x2  
  52  7:14  SCV  
  53  7:18  Factory Tech Lab  
  53  7:25  Widow Mine  
  53  7:27  Refinery  
  55  7:34  Terran Vehicle Weapons Level 1  
  55  7:40  Armory  
  55  7:41  Neosteel Armor  
  55  7:49  Factory, Refinery  
  55  8:00  Drilling Claws  
  55  8:20  Thor  
  49  8:37  Missile Turret  
  44  8:42  Thor  
  44  8:46  SCV  
  51  8:54  Missile Turret  
  51  8:57  Missile Turret  
  51  8:58  SCV  
  51  9:02  Factory Tech Lab  
  52  9:10  SCV  
  53  9:24  Thor  
  53  9:28  Command Center  
  59  9:38  Factory  
  59  10:03  SCV  
  60  10:15  SCV  
  60  10:16  Command Center  
  61  10:37  Supply Depot  
  61  10:39  Thor  
  61  10:40  SCV  
  53  10:59  Supply Depot  
  58  11:21  Supply Depot  
  64  11:37  Refinery  
Tags
 
Composition
Mech
Matchup
PvT
Spawn Locations
Cross Positions
Add a new tag
Caveats
  • Supply blocks, unpowered buildings, or Contaminate may cause inaccurate times.
  • Supply counts are checked every 10 seconds.